 Dungeon Crawl Stone Soup version 0.30-a0-4-ga7cffc901d (webtiles) character file.

Game seed: 9522843256968426822

153 Setbun the Sneak (level 5, -5/30 HPs)
             Began as a Kobold Enchanter on Aug 20, 2022.
             Slain by a gnoll
             ... wielding a +0 halberd
              (15 damage)
             ... on level 3 of the Dungeon.
             The game lasted 00:02:45 (3027 turns).

Setbun the Sneak (Kobold Enchanter)                 Turns: 3027, Time: 00:02:46

Health: -5/30      AC:  3    Str: 11    XL:     5   Next: 61%
Magic:  8/8        EV: 16    Int: 16    God:
Gold:   102        SH:  0    Dex: 18    Spells: 8/8 levels left

rFire   . . .      SeeInvis .    a - +1 dagger
rCold   . . .      Faith    .    (no shield)
rNeg    . . .      Spirit   .    b - +0 robe
rPois   .          Reflect  .    (no helmet)
rElec   .          Harm     .    g - +0 cloak
rCorr   .          Rampage  .    (no gloves)
Will    .....                    (no boots)
Stlth   ++++......               (no amulet)
HPRegen 0.10/turn                m - +6 ring of strength
MPRegen 0.11/turn                (no ring)

@: no status effects
A: small, no large weapons, nightstalker 3
a: no special abilities


You were on level 3 of the Dungeon.
You visited 1 branch of the dungeon, and saw 3 of its levels.

You collected 102 gold pieces.

Inventory:

Hand Weapons
 a - a +1 dagger (weapon)
Armour
 b - a +0 robe (worn)
 g - a +0 cloak (worn)
Jewellery
 l - an amulet of magic regeneration
 m - a +6 ring of strength (left hand)
Wands
 n - a wand of roots (6)
Scrolls
 d - 2 scrolls of enchant armour {unknown}
 f - a scroll of amnesia {unknown}
 h - a scroll of enchant weapon {unknown}
 i - a scroll of vulnerability {unknown}
 j - a scroll of teleportation {unknown}
Potions
 c - 2 potions of invisibility
 e - a potion of heal wounds {unknown}
 k - a potion of curing {unknown}


   Skills:
 + Level 2.1 Fighting
 * Level 4.2 Short Blades
 + Level 3.6 Dodging
 + Level 5.0 Stealth
 - Level 2.1 Spellcasting
 - Level 3.0 Hexes


You had 8 spell levels left.
You didn't know any spells.
Your spell library contained the following spells:

 Spells                   Type           Power      Damage    Failure   Level
 Ensorcelled Hibernation  Hex/Ice        12%        N/A       17%         2
 Confusing Touch          Hex            11%        N/A       19%         3
 Tukima's Dance           Hex            11%        N/A       19%         3
 Magic Dart               Conj           4%         1d3       21%         1
 Searing Ray              Conj           2%         2d4       30%         2
 Dazzling Flash           Conj/Hex       12%        N/A       32%         3
 Fulminant Prism          Conj/Hex       3%         3d6       73%         4


Dungeon Overview and Level Annotations

Branches:
Dungeon (3/15)

Altars:

Annotations:
D:3 Sigmund


Innate Abilities, Weirdness & Mutations

You are small and have problems with some larger weapons.
You are completely attuned to the shadows.


Message History

You see here a +0 scale mail.
A gnoll comes into view. It is wielding a +0 spear.
The gnoll hits you from afar with a +0 spear.
The hobgoblin attacks as you move away! The hobgoblin barely misses you.
The hobgoblin attacks as you move away! The hobgoblin completely misses you.
The hobgoblin attacks as you move away! The hobgoblin misses you.
The hobgoblin attacks as you move away! The hobgoblin misses you.
An endoplasm comes into view.
The endoplasm quivers.
You hit the endoplasm.
The endoplasm is heavily wounded.
The hobgoblin misses you.
The endoplasm hits you but does no damage.
You hit the endoplasm.
The endoplasm is severely wounded.
The hobgoblin hits you. The endoplasm hits you. The gnoll closely misses you.
You hit the endoplasm.
You kill the endoplasm!
The hobgoblin attacks as you move away! The hobgoblin closely misses you.
You hear the rapid rusting of a very distant drain.
The hobgoblin hits you. The hobgoblin attacks as you move away!
The hobgoblin hits you.
You hear the drain falling apart.
Found a stone staircase leading down.
The hobgoblin hits you but does no damage.
The gnoll closely misses you.
You hit the hobgoblin.
The hobgoblin is moderately wounded.
The hobgoblin hits you. The gnoll barely misses you.
You completely miss the hobgoblin.
The hobgoblin is moderately wounded.
The walls and floor vibrate strangely for a moment.
The hobgoblin closely misses you.
The gnoll hits you from afar with a +0 halberd!
You hit the hobgoblin.
The hobgoblin is almost dead.
The hobgoblin closely misses you.
The gnoll hits you from afar with a +0 halberd!
Ouch! That really hurt!
You die...

############
#..........#
#..........#
#..........#
#######..........#
.....g...........###
#>g...............
#g#.#####.####.##.
#@#.# #. #.##. #.#.#
#.##. #.... #....
###. #..... ..
#....g #..... #.....
#.... .##.


You could see 2 gnolls and a hobgoblin.

Vanquished Creatures
  Natasha (thrice) (D:2)
  A gnoll (D:2)
  3 adders (D:2)
  2 dart slugs (D:1)
  5 ball pythons
  7 endoplasms
  5 giant cockroaches
  2 goblins
  A hobgoblin (D:2)
  2 quokkas (D:1)
  5 bats
  2 frilled lizards
  3 kobolds
  2 rats
43 creatures vanquished.

Notes
Turn   | Place    | Note
-------+----------+-------------------------------------------
     0 | D:1      | Setbun the Kobold Enchanter began the quest for the Orb.
     0 | D:1      | Reached XP level 1. HP: 10/10 MP: 3/3
   161 | D:1      | Found a faded altar of an unknown god.
   267 | D:1      | Reached XP level 2. HP: 5/16 MP: 5/5
   718 | D:1      | Reached XP level 3. HP: 20/20 MP: 6/6
   725 | D:1      | Reached skill level 1 in Fighting
  1379 | D:2      | Noticed Natasha
  1383 | D:2      | Killed Natasha
  1384 | D:2      | Reached XP level 4. HP: 25/25 MP: 7/7
  1806 | D:2      | Noticed Natasha
  1819 | D:2      | HP: 1/25 [constriction (6)]
  1820 | D:2      | Killed Natasha
  1821 | D:2      | Reached XP level 5. HP: 2/30 MP: 8/8
  2081 | D:2      | Noticed Natasha
  2096 | D:2      | Killed Natasha
  2097 | D:2      | Reached skill level 5 in Stealth
  2449 | D:3      | Noticed Sigmund
  3027 | D:3      | Slain by a gnoll

Illustrated notes

Levels and vault maps discovered:
D:1:      giann_bridges, layout_loops_ring, ebering_ecumenical_altar_webs,
          chequers_serial_rivers_micro_e
D:2:      layout_rooms, small_statue_intersection, minmay_misc_feat_encased,
          dreamdust_princess_bridge, uniq_natasha
D:3:      layout_basic, gup_sewer_entry_glass, nicolae_grassy_gnolls,
          uniq_sigmund

Skill      XL: |  1  2  3  4  5 |
---------------+----------------+-----
Short Blades   | 2 3 4 |  4.2
Fighting       | 1 2 |  2.1
Dodging        | 3 |  3.6
Stealth        | 5 |  5.0
Spellcasting   | |  2.1
Hexes          | |  3.0

Action                   |  1- 3 |  4- 6 || total
-------------------------+-------+-------++-------
Melee: Dagger            |    60 |    84 ||   144
       Punch             |       |     1 ||     1
 Stab: Sleeping          |    14 |     8 ||    22
Armor: Robe              |     7 |     5 ||    12
Dodge: Dodged            |    29 |    70 ||    99

Table legend: (Time is in decaauts)
 A = Elapsed time spent in this place.
 B = Non-inter-level travel time spent in this place.
 C = Inter-level travel time spent in this place.
 D = Time resting spent in this place.
 E = Time spent auto-exploring this place.
 F = Levels seen in this place.
 G = Mean time per level.
                   A        B        C        D        E       F      G
               +--------+--------+--------+--------+--------+-----+--------+
         Total |   3010 |   2920 |     90 |   1279 |   1221 |   3 | 1003.3 |
       Dungeon |   3010 |   2920 |     90 |   1279 |   1221 |   3 | 1003.3 |
               +--------+--------+--------+--------+--------+-----+--------+

Top non-repeatable levels by time:
     D:2: 1576 daAuts
     D:1: 1280 daAuts
     D:3: 153 daAuts
